Zazza, neutral female gnomish Wizard ------------ -------------- |.........r@#f##............|| |..........| ##|............| -........... |............| |..........| |............| -----.------ |............| -----------.-- `############ # ## ### # ## -.------- |.......| |.......+ |.......| |..<....| |.......| --------- Zazza the Evoker Experience level: 1 Strength: 8 Dexterity: 14 Constitution: 13 Intelligence: 19 Wisdom: 11 Charisma: 10 Health: 0(11) Energy: 9(9) Def: 1 Gold: 247 Moves: 1015 Dungeon seed: 4DTDITjUiLgfQ1Q7 Game ID: Zazza_1621707296 Your Inventory: Coins $ - 247 gold pieces Weapons a - a blessed +1 quarterstaff n - 8 +0 arrows o - a +0 orcish dagger Armor e - an uncursed +0 cloak of magic resistance (being worn) q - an uncursed +0 orcish helm y - an uncursed +0 orcish helm Comestibles t - an uncursed fortune cookie Scrolls i - an uncursed scroll of identify j - an uncursed scroll of remove curse k - an uncursed scroll of create monster Spellbooks l - a blessed spellbook of force bolt m - an uncursed spellbook of sleep Potions f - an uncursed potion of restore ability g - an uncursed potion of gain ability h - an uncursed potion of see invisible r - an uncursed potion of enlightenment Rings c - an uncursed ring of slow digestion (on left hand) d - an uncursed ring of teleport control (on right hand) Wands b - a wand of magic missile (0:8) p - a wand of striking (0:4) Spells and supernatural/magical abilities: Name Level Category Fail Memory a - force bolt 1 attack 0% 95% z - sleep 1 enchantment 0% 95% W - pray for help -- divine ? -- Your skills at the end: Fighting Skills Weapon Skills quarterstaff [Basic] Spellcasting Skills attack spells [Basic] enchantment spells [Basic] Final Attributes: You were nominally aligned. You were magic-protected. You had infravision. You had teleport control. You had slower digestion. You are dead. Vanquished creatures: a yellow mold a green mold 2 jackals a fox 2 kobolds 2 goblins 7 grid bugs a lichen a kobold zombie 3 newts 21 creatures vanquished. Voluntary challenges: You went without food. You never hit with a wielded weapon. You were a pacifist. You were illiterate. You never genocided any monsters. You never polymorphed an object. You never changed form. You used no wishes. You never split a pudding. You never wrote Elbereth's name. You never violated your personal moral code. Dungeon overview: The Dungeons of Doom: levels 1 to 4 Level 1 a fountain a long staircase Level 2 some fountains a long staircase Level 3 an altar to Thoth Level 4 <- You were here History has recorded: On T:1 you entered the Dungeons of Doom to retrieve the Amulet of Yendor! On T:324 you reached level 2 of The Dungeons of Doom. On T:619 you reached level 3 of The Dungeons of Doom. On T:938 you reached level 4 of The Dungeons of Doom. Score breakdown: Gold: 247 ( 8145 points) Experience: 1 level ( 0 points) Exploration: 4 levels ( 8.16%) ( 7500 points) Discoveries: 1 item ( 0.35%) ( 1770 points) Valuables value: (no points given unless you survive) Artifact value: 0 ( 0 points) Variety of kills: 10 monsters ( 2.62%) ( 4860 points) Turncount: 1015 turns ( 0 points) Survival: died (score multiplied by 80%) Total score: 17820 Latest messages: You displace Armand. You hear the footsteps of a guard on patrol. You displace Armand. You hear some noises. You displace Armand. $ - 57 gold pieces. Something is engraved here on the headstone. You read: "Og friend. Og good dude. Og died. Og now food". Armand bites the goblin. (2x) The goblin is killed! You displace Armand. You stop. Armand is in the way! You see here an iron skull cap. y - an iron skull cap. You see here a fortune cookie. t - a fortune cookie. The sewer rat bites! (3x) You begin praying to Thoth. You are surrounded by a shimmering light. The sewer rat starts to attack you, but pulls back. (3x) You feel that Thoth is satisfied. The sewer rat bites! You stop. Armand is in the way! The sewer rat bites! You die... Final status: Goodbye Zazza the Wizard, killed by a sewer rat... You died in The Dungeons of Doom on dungeon level 4 with 17820 points, and 247 pieces of gold, after 1015 moves. You were level 1 with a maximum of 11 hit points when you died.